 Dungeon Crawl Stone Soup version 0.30-a0-718-geaa24f58ff (webtiles) character file.

Game seed: 6601669564696709111

1775 demibob the Carver (level 8, -9/51 (58) HPs)
             Began as a Demonspawn Fighter on Jan 26, 2023.
             Was a Follower of Kikubaaqudgha.
             Mangled by a wight
             ... wielding a +0 great sword
              (11 damage)
             ... on level 7 of the Dungeon.
             The game lasted 00:08:58 (6000 turns).

demibob the Carver (Demonspawn Fighter)             Turns: 6000, Time: 00:08:58

HP:   -9/51 (58)    AC:  8    Str: 16    XL:     8   Next: 80%
MP:   8/8           EV: 10    Int: 10    God:    Kikubaaqudgha [*.....]
Gold: 348           SH:  5    Dex: 15    Spells: 5/7 levels left

rFire   . . .      SeeInvis .    a - +3 falchion
rCold   . . .      Faith    .    e - +0 buckler
rNeg    . . .      Spirit   .    b - +1 scale mail
rPois   .          Reflect  .    j - +0 helmet
rElec   .          Harm     .    (no cloak)
rCorr   .          Rampage  .    (no gloves)
Will    .....                    (no boots) Stlth
                                 (no amulet)
HPRegen 0.28/turn                (no ring)
MPRegen 0.11/turn                (no ring)

@: heavily drained
A: repulsion field 1, weakness stinger 2
a: Renounce Religion, Unearth Wretches


You were on level 7 of the Dungeon.
You worshipped Kikubaaqudgha.
Kikubaaqudgha was aware of your devotion.
You visited 1 branch of the dungeon, and saw 7 of its levels.

You collected 348 gold pieces.


Innate Abilities, Weirdness & Mutations

You are surrounded by a mild repulsion field. (EV +2)
You have a tail ending in a sharp stinger.


   Skills:
 - Level 3.0 Fighting
 + Level 9.1 Long Blades
 - Level 2.6 Armour
 - Level 5.0 Shields
 - Level 3.7 Necromancy


You had 5 spell levels left.
You knew the following spells:

 Your Spells              Type           Power      Damage    Failure   Level
X - Cigotuvi's Dreadful   Necr/Pois/Air  4%         N/A       85%         2

Your spell library contained the following spells:

 Spells                   Type           Power      Damage    Failure   Level
 Necrotise                Necr           28%        1d5       36%         1
 Vampiric Draining        Necr           7%         2d6       75%         3
 Poisonous Vapours        Pois/Air       0%         N/A       95%         2
 Animate Dead             Necr           7%         N/A       98%         4
 Mephitic Cloud           Conj/Pois/Air  0%         N/A       99%         3
 Ozocubu's Armour         Ice            0%         N/A       99%         3
 Animate Armour           Summ/Erth      0%         N/A       100%        4
 Passage of Golubria      Tloc           0%         N/A       100%        4
 Blade Hands              Tmut           0%         N/A       100%        5
 Metabolic Englaciation   Hex/Ice        0%         N/A       100%        5
 Silence                  Hex/Air        0%         N/A       100%        5
 Iron Shot                Conj/Erth      0%         9d1       100%        6
 Simulacrum               Ice/Necr       1%         N/A       100%        6
 Lehudib's Crystal Spear  Conj/Erth      0%         10d2      100%        8

Inventory:

Hand Weapons
 a - a +3 falchion (weapon)
Armour
 b - a +1 scale mail (worn)
 e - a +0 buckler (worn)
 j - a +0 helmet (worn)
Wands
 g - a wand of flame (4)
 l - a wand of mindburst (15)
 r - a wand of digging (5)
Scrolls
 i - 2 scrolls of enchant armour
 m - a scroll of fear
 s - a scroll of immolation {unknown}
 t - a scroll of amnesia {unknown}
Potions
 c - 3 potions of resistance
 d - a potion of mutation
 f - a potion of lignification {unknown}
 h - 2 potions of magic
 k - 2 potions of cancellation
 n - 3 potions of flight
 o - a potion of curing {@q1}
 p - a potion of degeneration {unknown}
 q - a potion of might
 u - a potion of brilliance {unknown}

Dungeon Overview and Level Annotations

Branches:
Dungeon (7/15)             Temple (0/1) D:6

Altars:
Gozag
Kikubaaqudgha
Ru
Wu Jian

Annotations:
D:5 Dowan, Duvessa

#..##
##...#####...^...#
▒▒''▒▒▒▒
#.....#..........
≈≈..§§≈▒
#.........####..#
≈≈..§§§▒
#...#.....## #..
§≈§§≈§§▒
#..####....# #.
.≈.⌠..≈▒#..#
#....##
.§⌠.§§≈▒..#
#zz...# ≈≈.≈≈§§▒.#
##z###..#
≈≈§.§§≈▒# #.@#
#..# ≈≈..≈≈≈▒ #.##
#.. ▒▒''▒▒▒▒ #.#
#..### ##.# #....#
#..# ####.# ##).#
#.#######...#
#...........#
##...#########


You could see 3 wights.


Message History

You feel drained.
You barely miss the wight.
Your tail-slap misses the wight.
The wight is almost destroyed.
The wight hits you with a +3 falchion.
* * * LOW HITPOINT WARNING * * *
You are too injured to fight recklessly!
You are too injured to fight recklessly!
You are too injured to fight recklessly!
You are too injured to fight recklessly!
You are too injured to fight recklessly!
You are too injured to fight recklessly!
You are too injured to fight recklessly!
You are too injured to fight recklessly!
You are too injured to fight recklessly!
You are too injured to fight recklessly!
The wight barely misses you. The wight attacks as you move away!
The wight hits you with a +6 mace of freezing.
* * * LOW HITPOINT WARNING * * *
You feel drained. The wight freezes you.
* * * LOW HITPOINT WARNING * * *
The wight attacks as you move away!
The wight hits you with a +0 great sword!
* * * LOW HITPOINT WARNING * * *
You feel drained.
* * * LOW HITPOINT WARNING * * *
The wight attacks as you move away!
The wight hits you with a +0 great sword!
You die...
Kikubaaqudgha rasps: "You have failed me!
Welcome... death!"

Skill      XL: |  1  2  3  4  5  6  7  8 |
---------------+-------------------------+-----
Long Blades    | 2 3 4 5 6 9 |  9.1
Shields        | 3 4 5 |  5.0
Necromancy     | 2 3 |  3.7
Fighting       | |  3.0
Armour         | |  2.6

Action                     |  1- 3 |  4- 6 |  7- 9 || total
---------------------------+-------+-------+-------++-------
  Melee: Long sword        |   122 |   184 |    39 ||   345
         Tailslap          |     9 |    21 |    28 ||    58
         Falchion          |       |       |   127 ||   127
    Use: Scroll            |     4 |     9 |     3 ||    16
         Potion            |       |     7 |     3 ||    10
 Armour: Scale mail        |    78 |    89 |    38 ||   205
  Dodge: Dodged            |    61 |    81 |    47 ||   189
  Block: Buckler           |    35 |    49 |    36 ||   120

Levels and vault maps discovered:
D:1:      psy_arrival_basics, layout_loops_ring, chequers_serial_rivers_room_b,
          minmay_tetromino_l4
D:2:      layout_loops_cross
D:3:      minmay_diamond_boxcup, layout_loops_ring, overflow_temple_1_default,
          minmay_crystal_room
D:4:      layout_loops_corners, mainiacjoe_overflow_surrounded_room
D:5:      layout_cave_pods, marbit_many_paths, uniq_sigmund, uniq_duvessa,
          uniq_menkaure, uniq_edmund
D:6:      layout_basic, grunt_gozag_statues, minmay_temple_entry_butterflies,
          minmay_misc_feat_ornament, minmay_ogre_servants
D:7:      layout_layer_cave, kennysheep_generic_room_4

Notes
Turn   | Place    | Note
-------+----------+-------------------------------------------
     0 | D:1      | demibob the Demonspawn Fighter began the quest for the Orb.
     0 | D:1      | Reached XP level 1. HP: 18/18 MP: 1/1
   179 | D:1      | Reached skill level 2 in Long Blades
   360 | D:1      | Gained mutation: You have a small tail. [demonic ancestry]
   360 | D:1      | Reached XP level 2. HP: 24/24 MP: 2/2
   367 | D:1      | Reached skill level 3 in Shields
   654 | D:1      | Reached XP level 3. HP: 29/29 MP: 3/3
   839 | D:1      | Identified 3 potions of resistance
   950 | D:2      | Reached skill level 3 in Long Blades
  1220 | D:2      | Reached XP level 4. HP: 23/35 MP: 4/4
  1575 | D:3      | Found a sacrificial altar of Ru.
  2123 | D:3      | Reached skill level 4 in Shields
  2145 | D:3      | Reached XP level 5. HP: 14/41 MP: 5/5
  2525 | D:4      | Noticed a black bear
  2532 | D:4      | Killed a black bear
  2533 | D:4      | Reached skill level 4 in Long Blades
  2533 | D:4      | Reached XP level 6. HP: 34/47 MP: 6/6
  2906 | D:4      | Found an ornate altar of the Wu Jian Council.
  3235 | D:5      | Entered Level 5 of the Dungeon
  3250 | D:5      | Reached skill level 5 in Shields
  3498 | D:5      | Found an ancient bone altar of Kikubaaqudgha.
  3505 | D:5      | Became a worshipper of Kikubaaqudgha
  3561 | D:5      | Learned a level 2 spell: Cigotuvi's Dreadful Rot
  3584 | D:5      | Noticed an orc warrior
  3596 | D:5      | Killed an orc warrior
  3597 | D:5      | Reached skill level 5 in Long Blades
  3597 | D:5      | Reached skill level 1 in Necromancy
  3600 | D:5      | Reached skill level 2 in Necromancy
  3785 | D:5      | Noticed Menkaure
  3834 | D:5      | HP: 3/47 [Menkaure (20)]
  3838 | D:5      | Killed Menkaure
  3839 | D:5      | Gained mutation: You have a tail ending in a sharp stinger.
                  | [demonic ancestry]
  3839 | D:5      | Reached XP level 7. HP: 34/52 MP: 7/7
  3989 | D:5      | Noticed Sigmund
  4012 | D:5      | Killed Sigmund
  4013 | D:5      | Reached skill level 3 in Necromancy
  4228 | D:5      | Noticed Dowan
  4234 | D:5      | Noticed Duvessa
  4316 | D:6      | Found an opulent altar of Gozag.
  4335 | D:6      | Reached skill level 6 in Long Blades
  4516 | D:6      | Found a staircase to the Ecumenical Temple.
  4673 | D:6      | Gained mutation: You are surrounded by a mild repulsion
                  | field. (EV +2) [demonic ancestry]
  4673 | D:6      | Reached XP level 8. HP: 56/58 MP: 8/8
  4678 | D:6      | Reached skill level 7 in Long Blades
  5355 | D:6      | Reached skill level 8 in Long Blades
  5497 | D:7      | Reached * piety under Kikubaaqudgha
  5497 | D:7      | Received a gift from Kikubaaqudgha
  5749 | D:7      | Reached skill level 9 in Long Blades
  5978 | D:7      | Identified the +7 short sword of Jyclaiwk {vamp, *Slow
                  | rF+++ rCorr}
  5999 | D:7      | HP: 3/53 [wight/+0 great sword (12)]
  5999 | D:7      | HP: 1/51 [wight/+0 great sword (2)]
  6000 | D:7      | Mangled by a wight

Vanquished Creatures
  Sigmund (D:5)
  Menkaure (D:5)
  An orc warrior (D:5)
  An ogre (D:6)
  A black bear (D:4)
  A centaur (D:7)
  2 bullfrogs (D:6)
  A gnoll sergeant (D:7)
  2 scorpions
  6 wights
  A lava snake (D:7)
  A jelly (D:6)
  4 hounds
  An orc priest (D:7)
  An orc wizard (D:7)
  2 iguanas
  10 adders
  A shadow imp (D:6)
  A white imp (D:6)
  An ufetubus (D:5)
  2 worms (D:2)
  13 orcs
  8 endoplasms
  4 giant cockroaches
  14 goblins
  9 hobgoblins
  7 jackals
  9 kobolds
  2 quokkas
  4 ball pythons
  8 bats
  5 frilled lizards
  3 rats
128 creatures vanquished.

Table legend: (Time is in decaauts)
 A = Elapsed time spent in this place.
 B = Non-inter-level travel time spent in this place.
 C = Inter-level travel time spent in this place.
 D = Time resting spent in this place.
 E = Time spent auto-exploring this place.
 F = Levels seen in this place.
 G = Mean time per level.
                   A        B        C        D        E       F      G
               +--------+--------+--------+--------+--------+-----+--------+
         Total |   6072 |   5846 |    226 |    496 |   4228 |   7 |  867.4 |
       Dungeon |   6072 |   5846 |    226 |    496 |   4228 |   7 |  867.4 |
               +--------+--------+--------+--------+--------+-----+--------+

Top non-repeatable levels by time:
     D:6: 1177 daAuts
     D:5: 1042 daAuts
     D:4: 913 daAuts
     D:1: 876 daAuts
     D:3: 785 daAuts
     D:2: 733 daAuts
     D:7: 543 daAuts

Table legend:
 A = Non-vault XP
 B = Vault XP
 C = Vault XP percentage of total XP
 D = Non-vault monster count
 E = Vault monster count
 F = Vault count percentage of total count
                 A         B        C        D         E       F
            +---------+---------+-------+---------+---------+-------
      Total |    1762 |     775 |  30.5 |     103 |      25 |  19.5
            +---------+---------+-------+---------+---------+-------
        D:1 |      43 |       4 |   8.5 |      25 |       2 |   7.4
        D:2 |      56 |       0 |   0.0 |      16 |       0 |   0.0
        D:3 |      23 |      97 |  80.8 |      12 |       9 |  42.9
        D:4 |     193 |       0 |   0.0 |      15 |       0 |   0.0
        D:5 |     309 |     405 |  56.7 |      10 |       3 |  23.1
        D:6 |     717 |     142 |  16.5 |      12 |       9 |  42.9
        D:7 |     421 |     127 |  23.2 |      13 |       2 |  13.3
            +---------+---------+-------+---------+---------+-------
